 Dungeon Crawl Stone Soup version 0.30-a0-422-g946f4849ff (webtiles) character file.

Game seed: 18375869897834904221

473 zishaf the Trooper (level 7, -5/52 HPs)
             Began as a Djinni Venom Mage on Dec 8, 2022.
             Shot with an arrow by a centaur (9 damage)
             ... on level 5 of the Dungeon.
             The game lasted 00:05:01 (3520 turns).

zishaf the Trooper (Djinni Venom Mage)              Turns: 3520, Time: 00:05:01

Health: -5/52      AC:  6    Str:  7    XL:     7   Next: 32%
Gold:   176        EV: 12    Int: 19    God:
                   SH:  0    Dex: 13

rFire   + + .      SeeInvis .    m - staff of death
rCold   x . .      Faith    .    (no shield)
rNeg    + . .      Spirit   .    a - +0 robe
rPois   ∞          Reflect  .    (no helmet)
rElec   .          Harm     .    (no cloak)
rCorr   .          Rampage  .    (no gloves)
Will    +....                    (boots unavailable)
Stlth   ++........               (no amulet)
HPRegen 0.28/turn                k - +4 ring of protection
MPRegen 0.00/turn                r - ring of willpower

@: flying
A: sickness immunity, fire resistance 2, cold vulnerability 1, float, innate
caster, HP casting, extra vitality 1
a: no special abilities


You were on level 5 of the Dungeon.
You visited 1 branch of the dungeon, and saw 5 of its levels.

You collected 176 gold pieces.

Inventory:

Hand Weapons
 j - a +0 short sword
 o - a +1 vampiric dagger
Armour
 a - a +0 robe (worn)
 l - a +0 kite shield
 q - a +2 ring mail of cold resistance
Magical Staves
 m - a staff of death (weapon)
Jewellery
 k - a +4 ring of protection (left hand)
 r - a ring of willpower (right hand)
Scrolls
 h - 2 scrolls of teleportation
 n - a scroll of amnesia {unknown}
 p - a scroll of identify
Potions
 b - a potion of magic {unknown}
 c - a potion of attraction {unknown}
 d - a potion of heal wounds {unknown}
 e - 3 potions of curing
 f - a potion of resistance {unknown}
 g - 3 potions of brilliance {unknown}
 i - 2 potions of mutation {unknown}


   Skills:
 + Level 4.2 Fighting
 - Level 2.1 Dodging
 - Level 1.5 Stealth
 + Level 3.0 Shields
 + Level 4.2 Spellcasting


You couldn't memorise any spells.
You knew the following spells:

 Your Spells              Type           Power      Damage    Failure   Level
a - Sting                 Tmut/Pois      80%        1d7       2%          1
b - Poisonous Vapours     Pois/Air       40%        N/A       3%          2
c - Necrotise             Necr           100%       1d9       2%          1
d - Momentum Strike       Conj/Tloc      40%        3d9       3%          2
z - Mephitic Cloud        Conj/Pois/Air  20%        N/A       7%          3
A - Olgreb's Toxic Radia  Pois           20%        N/A       24%         4
B - Scorch                Fire           40%        2d7       3%          2
Your spell library was empty.

Dungeon Overview and Level Annotations

Branches:
Dungeon (5/15)             Temple (0/1) D:4

Altars:
The Shining One

Shops:
D:5 *

Annotations:
D:3 1 runed translucent door, McMuffin's ghost, amateur GrEE


Innate Abilities, Weirdness & Mutations

You are immune to sickness and miasma.
You are immune to poison.
Your flesh is very heat resistant. (rF++)
You are vulnerable to cold. (rC-)
You float through the air rather than walking.
You learn spells naturally, not from books.
Your magical power is your life essence.
You have superior vitality. (+4 MHP)


Message History

The gnoll hits you from afar with a +0 spear.
The gnoll attacks as you move away!
The gnoll hits you with a +0 flail of holy wrath!
* * * LOW HITPOINT WARNING * * *
Casting: Necrotise (safe; 2% risk of failure)
Confirm with . or Enter, or press ? or * to list all spells.
Aiming: Necrotise (safe; 2% risk of failure)
Press: ? - help, Shift-Dir - straight line, f/p - gnoll
Aim: a gnoll, wielding a +0 flail of holy wrath (severely wounded, ally target, chance to affect: 88%)
You feel a surge of power!
The gnoll writhes in agony.
* * * LOW HITPOINT WARNING * * *
The centaur wields a +0 shortbow.
The centaur shoots an arrow.
The arrow hits your gnoll sergeant skeleton!
The gnoll barely misses you.
Your gnoll sergeant skeleton hits the gnoll.
The gnoll attacks as you move away!
The gnoll hits you with a +0 flail of holy wrath!
* * * LOW HITPOINT WARNING * * *
The gnoll barely misses you.
Casting: Necrotise (safe; 2% risk of failure)
Confirm with . or Enter, or press ? or * to list all spells.
Aiming: Necrotise (safe; 2% risk of failure)
Press: ? - help, Shift-Dir - straight line, f/p - gnoll
Aim: a gnoll, wielding a +0 flail of holy wrath (almost dead, ally target, chance to affect: 88%)
You feel a surge of power!
The gnoll writhes in agony!
You kill the gnoll!
* * * LOW HITPOINT WARNING * * *
The gnoll barely misses you.
Something hits your gnoll sergeant skeleton.
Something kicks your gnoll sergeant skeleton.
Your gnoll skeleton hits the gnoll but does no damage.
The gnoll hits you from afar with a +0 spear.
* * * LOW HITPOINT WARNING * * *
Your gnoll skeleton barely misses the gnoll.
The centaur hits something.
The centaur kicks something.
Your gnoll skeleton hits the gnoll.
The centaur hits your gnoll skeleton. The centaur kicks your gnoll skeleton.
The centaur wields a +0 shortbow.
The centaur shoots an arrow.
The arrow hits you!
You die...

#............##...#...##
#............###.##.###
#...........#......###
####.##.........##...###
#.###..##...#####...#
####.#.........## ###..
..####......#........## ###.
..........####.####.#..# ##...
...#####.#.g.@.# #.##.# #..##
.......#)#...### #..#.###.##
.#.#)c..ZcZ.## ##.#.....###
.............# ###)...[.....
...).....###.# ##...####.....
##.#...### #.####..#.>##..#...
##.##..#####......<...#..#####
.........##......###....##
......#.................#


You could see a centaur (ally target), a gnoll (ally target), a friendly gnoll
skeleton and a friendly gnoll sergeant skeleton.

Vanquished Creatures
  Edmund (D:5)
  A centaur (D:5)
  A necrophage (D:5)
  A gnoll sergeant (D:5)
  A hound (D:5)
  Terence (D:2)
  3 gnolls (D:5)
  2 dart slugs
  3 orcs (D:3)
  3 endoplasms
  2 giant cockroaches (D:2)
  8 goblins
  7 hobgoblins
  4 jackals (D:4)
  3 quokkas
  6 ball pythons
  5 bats
  A frilled lizard (D:1)
  6 kobolds
  7 rats
66 creatures vanquished.

Vanquished Creatures (collateral kills)
  A giant cockroach (D:4)
  A frilled lizard (D:3)
2 creatures vanquished.

Vanquished Creatures (others)
  A gnoll (D:5)
1 creature vanquished.

Grand Total: 69 creatures vanquished

Notes
Turn   | Place    | Note
-------+----------+-------------------------------------------
     0 | D:1      | zishaf the Djinni Venom Mage began the quest for the Orb.
     0 | D:1      | zishaf set off with the following spells memorised: Sting,
                  | Poisonous Vapours, Mephitic Cloud, Olgreb's Toxic Radiance.
     0 | D:1      | Reached XP level 1. HP: 15/15 MP: 0/0
   241 | D:1      | Reached XP level 2. HP: 17/22 MP: 0/0
   275 | D:1      | Reached skill level 1 in Fighting
   791 | D:1      | Reached XP level 3. HP: 26/27 MP: 0/0
   791 | D:1      | Learned a level 1 spell: Necrotise
   929 | D:2      | Noticed Terence
   943 | D:2      | Killed Terence
  1087 | D:2      | Reached XP level 4. HP: 32/33 MP: 0/0
  1572 | D:2      | Found a glowing golden altar of the Shining One.
  1659 | D:3      | Found a runed translucent door.
  1951 | D:3      | Noticed McMuffin's ghost (amateur GrEE)
  2647 | D:4      | Found a staircase to the Ecumenical Temple.
  2997 | D:5      | Entered Level 5 of the Dungeon
  2998 | D:5      | Noticed a gnoll sergeant
  3000 | D:5      | Noticed Edmund
  3002 | D:5      | Reached XP level 5. HP: 37/40 MP: 0/0
  3002 | D:5      | Learned a level 2 spell: Scorch
  3052 | D:5      | Found Kaamouco's Gadget Gallery.
  3113 | D:5      | Reached skill level 1 in Shields
  3225 | D:5      | Killed Edmund
  3226 | D:5      | Reached XP level 6. HP: 34/46 MP: 0/0
  3359 | D:5      | Reached XP level 7. HP: 24/52 MP: 0/0
  3359 | D:5      | Learned a level 2 spell: Momentum Strike
  3520 | D:5      | Shot with an arrow by a centaur

Illustrated notes

Levels and vault maps discovered:
D:1:      dpeg_arrival_water_fire, layout_loops_ring
D:2:      layout_loops_ring, basic_altar, minmay_distorted, uniq_terence
D:3:      layout_basic, ebering_ghost_sewer_d
D:4:      layout_basic, minmay_temple_entry_from_below_a
D:5:      layout_rooms, nicolae_uskayaw_en_pointe, nicolae_shop_gadgets,
          uniq_edmund

Skill      XL: |  1  2  3  4  5  6  7 |
---------------+----------------------+-----
Fighting       | 1 2 3 4 |  4.2
Spellcasting   | 3 4 |  4.2
Shields        | 2 3 |  3.0
Dodging        | |  2.1
Stealth        | |  1.5

Action                   |  1- 3 |  4- 6 |  7- 9 || total
-------------------------+-------+-------+-------++-------
Melee: Staff             |       |     4 |       ||     4
       Short sword       |       |     2 |       ||     2
 Cast: Sting             |    45 |    12 |       ||    57
       Necrotise         |       |    48 |     9 ||    57
       Poisonous Vapours |       |    15 |     3 ||    18
       Mephitic Cloud    |       |     2 |     1 ||     3
       Scorch            |       |     6 |       ||     6
       Momentum Strike   |       |       |     1 ||     1
  Use: Scroll            |       |     6 |       ||     6
Armor: Robe              |     5 |    13 |       ||    18
Dodge: Dodged            |    11 |    21 |     4 ||    36

Table legend: (Time is in decaauts)
 A = Elapsed time spent in this place.
 B = Non-inter-level travel time spent in this place.
 C = Inter-level travel time spent in this place.
 D = Time resting spent in this place.
 E = Time spent auto-exploring this place.
 F = Levels seen in this place.
 G = Mean time per level.
                   A        B        C        D        E       F      G
               +--------+--------+--------+--------+--------+-----+--------+
         Total |   3518 |   3299 |    219 |      2 |   2847 |   5 |  703.6 |
       Dungeon |   3518 |   3299 |    219 |      2 |   2847 |   5 |  703.6 |
               +--------+--------+--------+--------+--------+-----+--------+

Top non-repeatable levels by time:
     D:1: 880 daAuts
     D:2: 769 daAuts
     D:4: 726 daAuts
     D:3: 665 daAuts
     D:5: 477 daAuts
